 Dungeon Sprint DCSS version 0.23-a0-180-ga5275e7 (webtiles) character file.

1494 Fang the Cleaver (level 8, 0/90 HPs)
             Began as a Gargoyle Berserker on Sept 18, 2018.
             Was an Elder of Trog.
             Slain by a merfolk
             ... wielding a +0 trident
              (6 damage)
             ... in the Dungeon (Sprint V: "Ziggurat Sprint").
             The game lasted 00:02:01 (304 turns).

Fang the Cleaver (Gargoyle Berserker)                Turns: 304, Time: 00:02:02

Health: 0/90       AC: 23    Str: 40      XL:     8   Next: 81%
Magic:  8/8        EV: 11    Int:  8      God:    Trog [****..]
Gold:   0          SH:  0    Dex:  8 (9)  Spells: 7/7 levels left

rFire    . . .     SeeInvis .   k - +5 executioner's axe
rCold    . . .     Gourm    .   (shield currently unavailable)
rNeg     + . .     Faith    .   j - +5 shadow dragon scales
rPois    ∞         Spirit   .   (no helmet)
rElec    +         Reflect  .   (no cloak)
rCorr    .         Harm     .   (no gloves)
MR       .....     NoTele   +   (no boots)
Stlth    ..........             (no amulet)
HPRegen  0.25/turn              D - +6 ring of strength
MPRegen  0.11/turn              E - +6 ring of strength

@: berserking, studying Maces & Flails, very quick
A: negative energy resistance 1, electricity resistance, unbreathing,
petrification resistance, rot immunity, AC +5
a: Berserk, Trog's Hand, Brothers in Arms, Renounce Religion


You were in the Dungeon.
You worshipped Trog.
Trog was greatly pleased with you.
You were hungry.

You visited 1 branch

Inventory:

Hand Weapons
 k - a +5 executioner's axe (weapon)
Armour
 j - +5 shadow dragon scales (worn)
Jewellery
 D - a +6 ring of strength (left hand)
 E - a +6 ring of strength (right hand)
Wands
 w - a wand of disintegration (7)
 x - a wand of iceblast (7)
 y - a wand of acid (7)
Scrolls
 i - 4 scrolls of blinking
 l - 7 scrolls of fog
 m - a scroll of holy word
 n - 5 scrolls of identify
 o - 5 scrolls of remove curse
 p - 2 scrolls of fear
Potions
 d - 10 potions of curing
 e - 10 potions of heal wounds
 f - 6 potions of haste
 g - 7 potions of magic
 h - 3 potions of berserk rage
 q - 2 potions of brilliance
 r - 2 potions of invisibility
 s - 4 potions of resistance
 t - a potion of experience
 u - 5 potions of agility
 v - 5 potions of might
Books
 a - a manual of Maces & Flails
Miscellaneous
 z - a lamp of fire
Comestibles
 b - 4 chunks of flesh
 c - 7 rations


   Skills:
 + Level 11.8 Fighting
 + Level 12.0 Axes
 + Level 7.4 Armour
 + Level 5.7 Dodging


You had 7 spell levels left.
You didn't know any spells.
Your spell library was empty.

Dungeon Overview and Level Annotations

Branches:
Dungeon (1/1)

Altars:
Ashenzari
Cheibriados
Dithmenos
Elyvilon
Fedhas
Gozag
Hepliaklqana
Kikubaaqudgha
Makhleb
Nemelex Xobeh
Okawaru
Qazlal
Ru
Sif Muna
Trog
Uskayaw
Vehumet
Wu Jian
Xom
Yredelemnul
Zin
The Shining One
Beogh
Jiyva
Lugonu

Annotations:
D 1 transporter


Innate Abilities, Weirdness & Mutations

You are resistant to torment.
Your stone body is resilient. (AC +5)
You are immune to poison.
You resist negative energy. (rN+)
You are resistant to electric shocks. (rElec)
You can survive without breathing.
You are immune to petrification.
You are immune to rotting.


Message History

You are too injured to fight recklessly!
Unknown command.
You slice the merfolk like a ripe choko!!!
The merfolk is almost dead.
You closely miss the merfolk. You slash the merfolk!
The merfolk barely misses you.
The merfolk hits you but does no damage.
The merfolk hits you with a trident!
* * * LOW HITPOINT WARNING * * *
The merfolk hits you but does no damage.
Your shadow dragon scales prevents you from hitting the merfolk.
The merfolk is almost dead.
You barely miss the merfolk. You hit the merfolk. The merfolk misses you.
The merfolk hits you from afar with a trident of freezing!
* * * LOW HITPOINT WARNING * * *
The merfolk freezes you.
* * * LOW HITPOINT WARNING * * *
The merfolk hits you but does no damage. x2
The merfolk hits you with a trident.
You die...

▓.....▓.....▓..©..▓
▓..©..▓..©..▓▓▓▓▓▓▓
▓▓▓▓▓▓▓▓▓▓▓▓▓▓▓▓▓▓▓
▓..8©8...▓..8©8...▓
▓..):)...▓..}:....▓
▓...|....▓..}.=...▓
▓........▓...m....▓
▓........▓..mmmm..▓
▓.▓....▓.▓...@....▓
▓...©....▓...©....▓
▓▓▓▓▓▓▓▓▓▓▓▓▓▓▓▓▓▓▓


You could see 5 merfolk.

Vanquished Creatures
  A two-headed ogre (D)
  2 trolls (D)
  A small abomination (D)
  A water moccasin (D)
  A large abomination (D)
  2 quasits (D)
  An adder (D)
  2 shadow imps (D)
  An ufetubus (D)
  A bat skeleton (D)
13 creatures vanquished.

Notes
Turn   | Place    | Note
-------+----------+-------------------------------------------
     0 | D        | Found the +6 Majin-Bo {vamp, Archmagi MP+6 Int+6}
     0 | D        | Found the +7 great mace "Firestarter" {inner flame, rF++}
     0 | D        | Fang the Gargoyle Berserker began the quest for the Orb.
     0 | D        | Reached XP level 1. HP: 14/14 MP: 1/1
     3 | D        | Found a blossoming altar of Fedhas.
     4 | D        | Found a viscous altar of Jiyva.
     4 | D        | Found a hazy altar of Hepliaklqana.
     4 | D        | Found a transporter.
     4 | D        | Found an opulent altar of Gozag.
     4 | D        | Found an ancient bone altar of Kikubaaqudgha.
     4 | D        | Found a corrupted altar of Lugonu.
    19 | D        | Found a burning altar of Makhleb.
    20 | D        | Found a sacrificial altar of Ru.
    20 | D        | Found a stormy altar of Qazlal.
    20 | D        | Found a deep blue altar of Sif Muna.
    20 | D        | Found an iron altar of Okawaru.
    20 | D        | Found a bloodstained altar of Trog.
    20 | D        | Found a sparkling altar of Nemelex Xobeh.
    70 | D        | Entered arena 2.
    70 | D        | Noticed a water moccasin
    70 | D        | Found a transporter.
    79 | D        | Killed a water moccasin
    79 | D        | Reached skill level 6 in Axes
    79 | D        | Reached XP level 2. HP: 23/23 MP: 2/2
    79 | D        | Reached XP level 3. HP: 28/28 MP: 3/3
    79 | D        | Reached XP level 4. HP: 32/32 MP: 4/4
    79 | D        | Reached XP level 5. HP: 37/37 MP: 5/5
   162 | D        | Entered arena 3.
   162 | D        | Noticed a two-headed ogre
   162 | D        | Noticed a troll
   162 | D        | Noticed a troll
   162 | D        | Found a transporter.
   166 | D        | Killed a two-headed ogre
   166 | D        | Reached ** piety under Trog
   166 | D        | Reached skill level 10 in Fighting
   166 | D        | Reached skill level 10 in Axes
   166 | D        | Reached skill level 5 in Dodging
   166 | D        | Reached XP level 6. HP: 48/48 MP: 6/6
   166 | D        | Reached XP level 7. HP: 53/53 MP: 7/7
   167 | D        | Killed a troll
   167 | D        | Reached skill level 11 in Axes
   167 | D        | Reached XP level 8. HP: 60/60 MP: 8/8
   168 | D        | Killed a troll
   230 | D        | Entered arena 4.
   230 | D        | Found a transporter.
   235 | D        | Reached *** piety under Trog
   277 | D        | Entered arena 5.
   277 | D        | Found a transporter.
   279 | D        | Reached **** piety under Trog
   283 | D        | Reached skill level 12 in Axes
   296 | D        | Entered arena 6.
   296 | D        | Noticed a merfolk
   296 | D        | Noticed a merfolk
   296 | D        | Noticed a merfolk
   296 | D        | Noticed a merfolk
   296 | D        | Noticed a merfolk
   296 | D        | Found a transporter.
   304 | D        | Slain by a merfolk

Vault maps used:
D:        sprint_v

Skill      XL: |  1  2  3  4  5  6  7  8 |
---------------+-------------------------+-----
Fighting       | 6 10 11 | 11.8
Axes           | 6 10 11 12 | 12.0
Armour         | 3 6 7 |  7.4
Dodging        | 3 5 |  5.7

Action                   |  1- 3 |  4- 6 |  7- 9 || total
-------------------------+-------+-------+-------++-------
Melee: Executioner's axe |     8 |     2 |    20 ||    30
Invok: Berserk           |     1 |     1 |     2 ||     4
  Eat: Chunk             |       |       |     1 ||     1
Armor: Shadow dragon sca |    10 |     2 |    40 ||    52
Dodge: Dodged            |    15 |     4 |    35 ||    54

Table legend:
 A = Non-vault XP
 B = Vault XP
 C = Vault XP percentage of total XP
 D = Non-vault monster count
 E = Vault monster count
 F = Vault count percentage of total count
                 A         B        C        D         E       F
            +---------+---------+-------+---------+---------+-------
      Total |       0 |    2135 | 100.0 |       0 |      13 | 100.0
            +---------+---------+-------+---------+---------+-------
          D |       0 |    2135 | 100.0 |       0 |      13 | 100.0
            +---------+---------+-------+---------+---------+-------
